 Dungeon Crawl Stone Soup version 0.21.0-3-g78d12a8 (webtiles) character file.

13823 Ignatius881 the Cleaver (level 11, -4/101 HPs)
             Began as a Minotaur Berserker on Jan 11, 2018.
             Was a High Priest of Trog.
             Slain by a five-headed hydra (9 damage)
             ... on level 11 of the Dungeon.
             The game lasted 00:28:30 (10241 turns).

Ignatius881 the Cleaver (Minotaur Berserker)       Turns: 10241, Time: 00:28:31

Health: -4/101     AC: 15    Str: 23    XL:     11   Next: 80%
Magic:  0/10       EV: 13    Int:  4    God:    Trog [*****.]
Gold:   490        SH:  0    Dex: 12    Spells: 10/10 levels left

rFire    . . .     SeeInvis .   y - +3 battleaxe (elec)
rCold    . . .     Gourm    .   (shield currently unavailable)
rNeg     . . .     Faith    .   i - +0 chain mail
rPois    .         Spirit   +   (helmet restricted)
rElec    .         Reflect  .   (no cloak)
rCorr    .         Harm     .   (no gloves)
MR       .....                  B - +2 pair of boots
Stlth    ..........             f - amulet of guardian spirit
HPRegen  0.26/turn              (no ring)
MPRegen  0.12/turn              (no ring)

@: berserk cooldown, slowed, studying Shields, very slow
A: retaliatory headbutt, horns 2
a: Berserk, Trog's Hand, Brothers in Arms, Burn Spellbooks, Renounce Religion


You were on level 11 of the Dungeon.
You worshipped Trog.
Trog was extremely pleased with you.
You were not hungry.

You visited 2 branches of the dungeon, and saw 12 of its levels.
You also visited: Bailey.

You collected 745 gold pieces.
You spent 255 gold pieces at shops.

Inventory:

Hand Weapons
 a - a +0 hand axe
 j - a cursed -3 flail
   (You took it off an orc on level 3 of the Dungeon)
 x - a +0 war axe
   (You found it on level 4 of the Dungeon)
 y - a +3 battleaxe of electrocution (weapon)
   (You bought it in a shop on level 4 of the Dungeon)
 E - a +0 flail of protection
   (You took it off Terence on level 2 of the Dungeon)
 L - a cursed +2 falchion
   (You took it off a wight on level 7 of the Dungeon)
 M - a +2 morningstar
   (You took it off a wight on level 7 of the Dungeon)
 N - a +1 battleaxe of freezing
   (You took it off a wight on level 7 of the Dungeon)
Missiles
 U - a throwing net (quivered) {!f}
Armour
 b - a +0 animal skin
 i - a +0 chain mail (worn)
   (You took it off Terence on level 2 of the Dungeon)
 B - a +2 pair of boots (worn)
   (You found it on level 6 of the Dungeon)
 J - a +0 shield
   (You found it on level 3 of the Dungeon)
 Q - a +0 ring mail
   (You found it on level 1 of the Dungeon)
Jewellery
 f - an amulet of guardian spirit (around neck)
   (You found it on level 1 of the Dungeon)
 r - an uncursed ring of fire
   (You found it on level 2 of the Dungeon)
Wands
 c - a wand of disintegration (15)
   (You found it on level 6 of the Dungeon)
 d - a wand of iceblast (13)
   (You took it off Psyche on level 8 of the Dungeon)
 u - a wand of paralysis (12)
   (You found it on level 7 of the Dungeon)
 v - a wand of digging (7)
   (You found it on level 7 of the Dungeon)
 R - a wand of clouds (3)
   (You found it on level 9 of the Dungeon)
Scrolls
 h - 4 scrolls of enchant armour {unknown}
 k - 3 scrolls of magic mapping
 m - a scroll of immolation {!r}
 p - 2 scrolls of remove curse {@r2}
 s - 2 scrolls of amnesia {unknown}
 t - 2 scrolls of fog
 z - a scroll of enchant weapon
 A - 3 scrolls of random uselessness {unknown}
 F - 4 scrolls of teleportation {@r4}
 G - a scroll of holy word
 P - a scroll of identify {@r1}
 S - a scroll of blinking {unknown}
Potions
 g - 5 potions of heal wounds {unknown}
 l - 5 potions of curing {@q1}
 n - 2 potions of berserk rage {unknown}
 o - 2 potions of degeneration {unknown}
 q - 2 potions of mutation {unknown}
 w - 3 potions of agility {unknown}
 C - a potion of might {unknown}
 D - a potion of brilliance {unknown}
 I - a potion of haste {unknown}
 K - 2 potions of flight {unknown}
 O - 2 potions of lignification {unknown}
 V - a potion of magic {unknown}
Books
 H - a manual of Shields {!d}
   (You found it in a bailey)
Comestibles
 e - 16 rations


   Skills:
 + Level 10.8 Fighting
 * Level 14.3 Axes
 + Level 10.5 Armour
 + Level 9.8 Dodging


You had 10 spell levels left.
You didn't know any spells.

Dungeon Overview and Level Annotations

Branches:
Dungeon (11/15)            Temple (1/1) D:5            Lair (0/6) D:10
    Orc (0/2) D:9

Altars:
Ashenzari
Cheibriados
Dithmenos
Elyvilon
Fedhas
Gozag
Hepliaklqana
Kikubaaqudgha
Makhleb
Nemelex Xobeh
Okawaru
Qazlal
Ru
Sif Muna
Trog
Uskayaw
Vehumet
Wu Jian
Xom
Yredelemnul
Zin
The Shining One

Shops:
D:4 (   D:7 *


Innate Abilities, Weirdness & Mutations

You reflexively headbutt those who attack you in melee.
You have a pair of horns on your head.


Message History

You slice the basilisk!! Lightning courses through the basilisk!
You kill the basilisk!
Trog accepts your kill.
The cyclops throws a large rock.
The large rock hits you!
* * * LOW HITPOINT WARNING * * *
A five-headed hydra comes into view.
Something hits you but does no damage.
Your chain mail prevents you from hitting something.
Your headbutt misses something. You slice the worker ant!!
You kill the worker ant!
Trog accepts your kill.
You hear a shout!
The cyclops throws a large rock.
The large rock hits you.
* * * LOW HITPOINT WARNING * * *
Something hits you but does no damage.
You hear a shout!
A wight comes into view. It is wielding an enchanted flail.
You see here a stone.
You feel a strong urge to attack something.
You hear some strange, mumbled words.
A magic dart appears from out of thin air!
The magic dart hits you!
* * * LOW HITPOINT WARNING * * *
You feel your anger nearly subside.
You are no longer berserk.
You are exhausted.
You feel yourself slow down. Something hits you but does no damage.
You hear some strange, mumbled words.
Something tries to affect you, but you resist.
You see here a leather armour.
Something hits you but does no damage. Something hits you but does no damage.
An orc wizard appears from thin air!
Reactivating autopickup.
The orc wizard gestures at you while chanting.
The magic dart hits you!
The orc wizard hits you but does no damage.
The five-headed hydra bites you.
* * * LOW HITPOINT WARNING * * *
The five-headed hydra barely misses you.
The five-headed hydra bites you!
* * * LOW HITPOINT WARNING * * *
The five-headed hydra barely misses you.
The five-headed hydra bites you.
* * * LOW HITPOINT WARNING * * *
The five-headed hydra bites you.
* * * LOW HITPOINT WARNING * * *
The five-headed hydra bites you!
You die...

.. #.# # #.# #... #.
#.# #... # #.###.#
#...####D ...#.#
#...#$.O#
#.####.#.#############
#...#(#(#
..............@DT.O.#
#....#.#.
###....###########o#
#....#.#.
#..<.......... #.#
#....#.#o
#.#.##.######. #.#
#...#.#.# # #<.#.# #T#
#........ #..#.# #O#
#.T..O... #.##.# #.#
#......#. ..##.#
#O###.O.##.#. ####..
#..[T#### .#.


You could see a five-headed hydra, a two-headed ogre, a troll and an orc wizard.

Vanquished Creatures
  A yaktaur captain (D:11)
  Erolcha (D:9)
  A centaur warrior (D:11)
  An ugly thing (D:11)
  A manticore (D:7)
  A cyclops (D:11)
  2 gargoyles (D:10)
  Joseph (D:8)
  Psyche (D:8)
  3 hornets
  A troll (D:11)
  2 hippogriffs
  3 wraiths
  3 yaks (D:10)
  A vampire (D:10)
  A hungry ghost (D:9)
  A wyvern (D:11)
  Grum (D:8)
  A basilisk (D:11)
  A steam dragon (D:9)
  The ghost of Inarius the Chiller, an amateur DrIE (D:3)
  12 orc warriors
  A black bear (D:6)
  2 ice beasts
  6 phantoms
  2 sky beasts
  6 ogres
  2 wolves (D:8)
  11 centaurs
  3 big kobolds
  8 bullfrogs
  3 scorpions
  3 troll zombies (D:9)
  5 killer bees (D:7)
  5 wights (D:7)
  2 jellies
  A bullfrog zombie (D:8)
  A crimson imp (D:6)
  A quasit (D:10)
  2 hounds
  6 orc priests
  A centaur skeleton (D:4)
  3 iguanas
  Terence (D:2)
  8 orc wizards
  7 worker ants
  A killer bee zombie (D:10)
  3 ogre zombies (D:9)
  A hound skeleton (D:9)
  A worker ant zombie (D:8)
  A howler monkey zombie (D:7)
  Robin (D:2)
  10 adders
  A howler monkey skeleton (D:11)
  3 oozes
  An adder skeleton (D:6)
  3 worms
  5 dart slugs
  6 leopard geckos
  48 orcs
  A ball python (D:2)
  4 bats
  2 giant cockroaches (D:1)
  12 goblins
  12 hobgoblins
  7 jackals
  21 kobolds
  3 quokkas
  4 frilled lizards
  2 goblin skeletons (D:9)
  2 goblin zombies (D:9)
  A hobgoblin skeleton (D:9)
  2 hobgoblin zombies (D:9)
  4 orc skeletons (D:9)
  7 orc zombies (D:9)
  6 rats
306 creatures vanquished.

Vanquished Creatures (collateral kills)
  An orc (Bailey)
1 creature vanquished.

Vanquished Creatures (others)
  An iguana (D:4)
  2 worker ants (D:4)
  An adder (D:4)
  2 orcs (D:4)
  A ball python (D:4)
7 creatures vanquished.

Grand Total: 314 creatures vanquished

Notes
Turn   | Place    | Note
-------+----------+-------------------------------------------
     0 | D:1      | Ignatius881 the Minotaur Berserker began the quest for the Orb.
     0 | D:1      | Reached XP level 1. HP: 19/19 MP: 0/0
   160 | D:1      | Reached XP level 2. HP: 23/27 MP: 1/1
   220 | D:1      | Reached skill level 4 in Axes
   575 | D:1      | Reached XP level 3. HP: 33/33 MP: 2/2
   830 | D:2      | Noticed Terence
   836 | D:2      | Killed Terence
   836 | D:2      | Reached XP level 4. HP: 35/40 MP: 1/3
   839 | D:2      | Reached ** piety under Trog
   992 | D:2      | Found a shimmering altar of Xom.
  1078 | D:2      | Noticed Robin
  1084 | D:2      | Killed Robin
  1084 | D:2      | Reached skill level 5 in Axes
  1497 | D:3      | Reached XP level 5. HP: 47/47 MP: 4/4
  1666 | D:3      | Noticed Inarius's ghost (amateur DrIE)
  1681 | D:3      | Killed Inarius's ghost
  1681 | D:3      | Reached XP level 6. HP: 39/55 MP: 2/5
  1959 | D:3      | Reached skill level 6 in Axes
  1966 | D:3      | Reached skill level 5 in Fighting
  2430 | D:4      | Reached *** piety under Trog
  2753 | D:4      | Found Vugew's Antique Weapon Shop.
  2756 | D:4      | Bought a runed battleaxe for 199 gold pieces
  2837 | D:4      | Reached XP level 7. HP: 61/61 MP: 6/6
  3032 | D:4      | Reached skill level 7 in Axes
  3032 | D:4      | Reached skill level 5 in Armour
  3236 | D:4      | Found a white marble altar of Elyvilon.
  3255 | D:4      | Found a shimmering altar of Xom.
  3409 | D:5      | Entered Level 5 of the Dungeon
  3503 | D:5      | Found a staircase to the Ecumenical Temple.
  3515 | Temple   | Entered the Ecumenical Temple
  4293 | D:5      | Found an iron altar of Okawaru.
  4293 | D:5      | Found a sparkling altar of Nemelex Xobeh.
  4298 | D:5      | Found a glowing golden altar of the Shining One.
  4300 | D:5      | Found a hide-covered altar of Uskayaw.
  4301 | D:5      | Found a hazy altar of Hepliaklqana.
  4406 | D:6      | Found a shadowy altar of Dithmenos.
  4614 | D:6      | Reached skill level 5 in Dodging
  4614 | D:6      | Reached XP level 8. HP: 70/70 MP: 7/7
  4666 | D:6      | Reached skill level 8 in Axes
  4678 | D:6      | Found an ancient bone altar of Kikubaaqudgha.
  4987 | D:7      | Noticed a manticore
  4999 | D:7      | Killed a manticore
  4999 | D:7      | Reached skill level 9 in Axes
  5143 | D:7      | Reached **** piety under Trog
  5144 | D:7      | Found a shattered altar of Ashenzari.
  5144 | D:7      | Found a bloodstained altar of Trog.
  5320 | D:7      | Reached XP level 9. HP: 79/79 MP: 8/8
  5390 | D:7      | Found a stormy altar of Qazlal.
  5539 | D:7      | Reached skill level 10 in Axes
  5853 | D:7      | Found Dicasaga's General Store.
  5909 | D:7      | Bought a scroll of identify for 28 gold pieces
  5909 | D:7      | Bought a scroll of identify for 28 gold pieces
  5966 | D:8      | Noticed Joseph
  5977 | D:8      | Killed Joseph
  6064 | D:8      | Found a flagged portal.
  6076 | D:8      | Reached skill level 11 in Axes
  6136 | Bailey   | Entered a bailey
  6461 | Bailey   | Reached XP level 10. HP: 44/90 MP: 7/9
  7898 | D:8      | Noticed Grum
  7906 | D:8      | Reached skill level 12 in Axes
  7913 | D:8      | Killed Grum
  8043 | D:8      | Noticed Psyche
  8051 | D:8      | Killed Psyche
  8051 | D:8      | Reached ***** piety under Trog
  8111 | D:8      | Found an opulent altar of Gozag.
  8364 | D:9      | Found a staircase to the Orcish Mines.
  8749 | D:9      | Noticed Erolcha
  8756 | D:9      | Killed Erolcha
  8756 | D:9      | Reached XP level 11. HP: 79/99 MP: 8/10
  8775 | D:9      | Reached skill level 13 in Axes
  9121 | D:10     | Entered Level 10 of the Dungeon
  9219 | D:10     | Reached skill level 10 in Fighting
  9338 | D:10     | Found a staircase to the Lair.
  9482 | D:10     | Found a hide-covered altar of Uskayaw.
  9876 | D:11     | Noticed a white ugly thing
  9886 | D:11     | Killed a white ugly thing
  9886 | D:11     | Reached skill level 10 in Armour
 10181 | D:11     | Noticed a centaur warrior
 10183 | D:11     | Noticed a two-headed ogre
 10184 | D:11     | Noticed a yaktaur captain
 10186 | D:11     | Noticed a two-headed ogre
 10190 | D:11     | Killed a centaur warrior
 10202 | D:11     | Killed a yaktaur captain
 10202 | D:11     | Reached skill level 14 in Axes
 10205 | D:11     | Received a gift from Trog
 10206 | D:11     | Noticed a green ugly thing
 10208 | D:11     | Noticed a death knight
 10211 | D:11     | Noticed an ogre mage
 10216 | D:11     | Noticed a five-headed hydra
 10238 | D:11     | HP: 5/101 [five-headed hydra (2)]
 10241 | D:11     | Slain by a five-headed hydra

Skill      XL: |  1  2  3  4  5  6  7  8  9 10 11 |
---------------+----------------------------------+-----
Axes           | 4 5 6 7 9 11 12 14 | 14.3
Fighting       | 4 5 6 7 8 9 10 | 10.8
Armour         | 3 4 5 6 8 9 10 | 10.5
Dodging        | 3 4 5 6 7 8 9 |  9.8

Action                   |  1- 3 |  4- 6 |  7- 9 | 10-12 || total
-------------------------+-------+-------+-------+-------++-------
Melee: Hand axe          |    56 |   164 |       |       ||   220
       Headbutt          |    14 |    26 |    27 |    62 ||   129
       Battleaxe         |       |    12 |   190 |   278 ||   480
Invok: Berserk           |       |     3 |     1 |     2 ||     6
       Burn Spellbooks   |       |       |     2 |     1 ||     3
       Trog's Hand       |       |       |     1 |       ||     1
       Brothers in Arms  |       |       |     3 |       ||     3
  Use: Scroll            |     2 |     4 |     4 |       ||    10
       Potion            |       |       |     3 |     2 ||     5
  Eat: Chunk             |       |     9 |    13 |     9 ||    31
       Ration            |       |       |       |     2 ||     2
Armor: Ring mail         |    11 |     1 |       |       ||    12
       Chain mail        |       |    80 |   116 |   137 ||   333
Dodge: Dodged            |    32 |    57 |   127 |   174 ||   390
Block: Shield            |       |    29 |       |       ||    29
